 Dungeon Crawl Stone Soup version 0.25.0-37-gb73750e0fb (webtiles) character file.

Game seed: 13649583064092385514

274860 gruber the Hoplite (level 19, -18/187 HPs)
             Began as a Minotaur Gladiator on July 8, 2020.
             Was a High Priest of Uskayaw.
             Demolished by a caustic shrike (24 damage)
             ... on level 3 of the Depths.
             The game lasted 00:53:09 (35519 turns).

gruber the Hoplite (Minotaur Gladiator)            Turns: 35519, Time: 00:53:09

Health: -18/187    AC: 25    Str: 31      XL:     19   Next: 92%
Magic:  14/23      EV: 12    Int:  2 (3)  God:    Uskayaw [*****.]
Gold:   3162       SH: 28    Dex: 21      Spells: 16/18 levels left

rFire    + . .     SeeInvis +   F - +13 lance "Wyrmbane" {slay drac, rPois rF+ rC+ AC+3}
rCold    + . .     Gourm    .   p - +0 tower shield
rNeg     + . .     Faith    .   g - +6 chain mail of the Game of Life {MR- Slay+6}
rPois    +         Spirit   .   I - +2 hat {MR+}
rElec    .         Reflect  .   M - +0 cloak
rCorr    .         Harm     .   W - +0 pair of gloves of Owurph {Int-2 Dex+7 SInv}
MR       +....                  N - +0 pair of boots of Hepliaklqana's Grace {rN+} (curse)
Stlth    ..........             n - amulet of regeneration
HPRegen  0.81/turn              Q - ring of poison resistance
MPRegen  0.18/turn              B - +6 ring of strength

@: corroded, slowed, very slow
A: retaliatory headbutt, horns 2
}: 1/15 runes: gossamer
a: Stomp, Line Pass, Grand Finale, Renounce Religion


You were on level 3 of the Depths.
You worshipped Uskayaw.
Uskayaw was noncommittal.
You were hungry.

You visited 7 branches of the dungeon, and saw 32 of its levels.
You also visited: Gauntlet and Volcano.

You collected 3851 gold pieces.
You spent 689 gold pieces at shops.

Inventory:

Hand Weapons
 F - the +13 lance "Wyrmbane" (weapon) {slay drac, rPois rF+ rC+ AC+3}
   (You took it off Maggie on level 6 of the Dungeon)

   It affects your AC (+3).
   It protects you from fire.
   It protects you from cold.
   It protects you from poison.
Missiles
 d - 5 throwing nets (quivered)
 E - 7 curare-tipped darts
 H - 19 silver javelins
 O - 3 javelins
Armour
 g - the +6 chain mail of the Game of Life (worn) {MR- Slay+6}
   (You found it in a Gauntlet)

   It affects your accuracy and damage with ranged weapons and melee attacks
   (+6).
   It affects your resistance to hostile enchantments.
 p - a +0 tower shield (worn)
 I - a +2 hat of magic resistance (worn)
 M - a +0 cloak (worn)
 N - the cursed +0 pair of boots of Hepliaklqana's Grace (worn) {rN+}
   (You found it in a Gauntlet)

   It protects you from negative energy.
   It has a curse placed upon it.
 W - the +0 pair of gloves of Owurph (worn) {Int-2 Dex+7 SInv}
   (You bought it in a shop on level 2 of the Orcish Mines)

   It affects your intelligence (-2).
   It affects your dexterity (+7).
   It lets you see invisible.
Jewellery
 a - an uncursed amulet of reflection
 j - an uncursed ring of protection from cold
 n - an amulet of regeneration (around neck)
 u - an uncursed ring of protection from magic
 B - a +6 ring of strength (right hand)
 Q - a ring of poison resistance (left hand)
 Z - an uncursed ring of see invisible
Wands
 r - a wand of acid (21)
 v - a wand of flame (102)
 y - a wand of digging (13)
 z - a wand of disintegration (34)
 G - a wand of iceblast (55)
 X - a wand of clouds (4)
Scrolls
 c - 3 scrolls of identify
 e - 17 scrolls of remove curse
 k - 16 scrolls of teleportation
 t - 9 scrolls of enchant weapon {unknown}
 A - 4 scrolls of enchant armour {unknown}
 J - 2 scrolls of amnesia {unknown}
 K - 3 scrolls of immolation {unknown}
 L - 4 scrolls of blinking {unknown}
 P - a scroll of fog
 R - a scroll of silence
 U - 7 scrolls of fear {unknown}
 Y - 2 scrolls of brand weapon {unknown}
Potions
 b - 7 potions of brilliance
 h - 4 potions of stabbing
 i - 6 potions of haste
 l - 2 potions of cancellation
 o - 4 potions of heal wounds
 q - 11 potions of curing
 s - 4 potions of flight
 w - a potion of might
 x - 7 potions of invisibility
 C - 3 potions of lignification
 D - 2 potions of ambrosia
 T - 4 potions of resistance
 V - 3 potions of magic
Comestibles
 f - 52 rations
 m - 10 chunks of flesh


   Skills:
 - Level 20.4 Fighting
 * Level 18.7(19.4) Polearms
   Level 10.0(15.4) Staves
 - Level 2.0 Throwing
 - Level 15.1 Armour
 - Level 3.2 Dodging
 - Level 25.0 Shields
 - Level 7.2 Invocations


You had 16 spell levels left.
You knew the following spells:

 Your Spells              Type           Power        Failure   Level  Hunger
a - Blink                 Tloc           N/A          97%         2    ###....

Your spell library contained the following spells:

 Spells                   Type           Power        Failure   Level  Hunger
 Animate Skeleton         Necr           N/A          90%         1    ##.....
 Apportation              Tloc           #.....       90%         1    ##.....
 Beastly Appendage        Tmut           #.....       90%         1    ##.....
 Corona                   Hex            #......      90%         1    ##.....
 Freeze                   Ice            #...         90%         1    ##.....
 Infusion                 Chrm           #...         90%         1    ##.....
 Magic Dart               Conj           #...         90%         1    ##.....
 Shock                    Conj/Air       #...         90%         1    ##.....
 Sting                    Tmut/Pois      #...         90%         1    ##.....
 Summon Small Mammal      Summ           #...         90%         1    ##.....
 Call Imp                 Summ           #.......     97%         2    ###....
 Corpse Rot               Necr/Air       N/A          97%         2    ###....
 Searing Ray              Conj           #.....       97%         2    ###....
 Slow                     Hex            #.......     97%         2    ###....
 Sticks to Snakes         Tmut           #.......     97%         2    ###....
 Confusing Touch          Hex            #.......     99%         3    ####...
 Conjure Flame            Conj/Fire      #.......     99%         3    ####...
 Dazzling Flash           Conj/Hex       #.....       99%         3    ####...
 Frozen Ramparts          Ice            #.....       99%         3    ####...
 Gell's Gravitas          Tloc           #.........   99%         3    ####...
 Mephitic Cloud           Conj/Pois/Air  #.......     99%         3    ####...
 Ozocubu's Armour         Chrm/Ice       #.......     99%         3    ####...
 Spectral Weapon          Hex/Chrm       #.......     99%         3    ####...
 Spider Form              Tmut/Pois      #.........   99%         3    ####...
 Static Discharge         Conj/Air       #.......     99%         3    ####...
 Summon Guardian Golem    Hex/Summ       #.......     99%         3    ####...
 Cause Fear               Hex            #.........   100%        4    #####..
 Fulminant Prism          Conj/Hex       #.........   100%        4    #####..
 Hailstorm                Conj/Ice       #.......     100%        4    #####..
 Iskenderun's Mystic Bla  Conj/Tloc      #.......     100%        4    #####..
 Olgreb's Toxic Radiance  Pois           #.......     100%        4    #####..
 Petrify                  Tmut/Erth      #.......     100%        4    #####..
 Sticky Flame             Conj/Fire      #.......     100%        4    #####..
 Summon Ice Beast         Ice/Summ       #.......     100%        4    #####..
 Borgnjor's Vile Clutch   Necr/Erth      #.........   100%        5    ######.
 Irradiate                Conj/Tmut      #.........   100%        5    ######.
 Metabolic Englaciation   Hex/Ice        #.........   100%        5    ######.
 Silence                  Hex/Air        #.........   100%        5    ######.
 Yara's Violent Unravell  Hex/Tmut       #.........   100%        5    ######.
 Freezing Cloud           Conj/Ice/Air   #.........   100%        6    #######
 Hydra Form               Tmut           #.........   100%        6    #######
 Statue Form              Tmut/Erth      #........    100%        6    #######
 Dragon Form              Tmut           #.........   100%        7    #######


Dungeon Overview and Level Annotations

Branches:
Dungeon (15/15)            Temple (1/1) D:7            Lair (6/6) D:11
 Shoals (1/4) Lair:4       Spider (4/4) Lair:2        Slime (0/5) Lair:6
    Orc (2/2) D:12            Elf (0/3) Orc:2        Vaults (0/5) D:14
 Depths (3/5) D:15        Volcano (visited)         Gauntlet (visited)

Altars:
Ashenzari
Cheibriados
Dithmenos
Elyvilon
Fedhas
Gozag
Hepliaklqana
Kikubaaqudgha
Makhleb
Nemelex Xobeh
Okawaru
Qazlal
Ru
Sif Muna
Trog
Uskayaw
Vehumet
Wu Jian
Xom
Yredelemnul
Zin
The Shining One
Beogh
Jiyva

Shops:
D:5 %   D:7 [*   D:12 (   Orc:2 ([*=

Portals:
Hell: Depths:1 Depths:2 Depths:3
Pandemonium: Depths:1 Depths:3
Ziggurat: Depths:3

Annotations:
D:14 21 runed doors, Roxanne
Lair:1 2 transporters, Ceckukk's ghost, journeyman GrEE
Lair:3 1 runed translucent door, Yjeari's ghost, journeyman GrMo
Lair:4 exclusion: oklob plant
Lair:5 2 runed translucent doors, Mumum's ghost, journeyman DrFE
Lair:6 3 runed translucent doors, simples's ghost, journeyman DrCj
Depths:3 1 runed translucent door, Bunid's ghost, veteran FoFi


Innate Abilities, Weirdness & Mutations

You reflexively headbutt those who attack you in melee.
You have a pair of horns on your head.


Message History

The caustic shrike is heavily wounded.
The spriggan air mage is heavily wounded.
You feel somewhat more hungry. The caustic shrike claws you!!
The acid corrodes you!
You are splashed with acid.
The spriggan air mage waves its arms in wide circles.
The air twists around and strikes you!!
* * * LOW HITPOINT WARNING * * *
You block the caustic shrike's attack.
The spriggan air mage points at you and mumbles some strange words.
The bolt of lightning hits you!!
* * * LOW HITPOINT WARNING * * *
You block the caustic shrike's attack.
A lich comes into view.
Uskayaw links your audience in an emotional bond!
Unknown command.
You stomp with the beat, sending a shockwave through the revelers around you!
The caustic shrike is severely wounded.
The spriggan air mage is almost dead.
You feel somewhat more hungry. The caustic shrike claws you!!
You die...

##.# #.......#.# #. ##.#
#.......#.# #. ≈#.# # #.##..#.#.#
#. ≈§§# #L #.......#.# #. ≈#§#
#.#############.#.# #. ##.#
#.......#.......#.# #. #.#
......#.#..)..#.# #. #.# #.
#ib..#..#.#..#.# #. #.#
#...#@..#.......#.# ## #.#
#....#.[#..#.#..#.# #.#
#......[#.....#.#.# #.#
#......)........#.####
#.#########################.....
#...................§.....'.....
....###.....###.###§§##########..
##### #.....# #.##§§§≈# ###..###
#.....###.#§§§≈≈≈###......#


You could see a caustic shrike (pain bonded), a lich (pain bonded) and a
spriggan air mage (repels missiles, pain bonded).

Vanquished Creatures
  The ghost of Dameikh the Hoplite, a veteran FoFi of Nemelex Xobeh (Depths:1)
  5 caustic shrikes (Depths:2)
  A golden dragon (Depths:3)
  Jory (Depths:3)
  Jorgrun (Orc:1)
  Rupert (Spider:1)
  Asterion (Spider:1)
  A lich (Depths:1)
  Gastronok (Lair:2)
  3 sphinxes
  Agnes (Spider:3)
  Kirke (D:14)
  A tengu reaver (Depths:3)
  Aizul (Lair:4)
  4 fire giants
  2 frost giants (Depths:3)
  A juggernaut zombie (Depths:1)
  6 ghost moths
  2 orc warlords (Orc:2)
  5 emperor scorpions (Spider:4)
  A spectral juggernaut (Depths:1)
  2 spriggan defenders (Depths:3)
  6 entropy weavers
  10 stone giants
  5 very ugly things (Depths:1)
  A vampire knight (Depths:2)
  3 spark wasps
  Nessos (D:14)
  A minotaur (Gauntlet)
  8 ettins
  5 fire dragons
  2 yaktaur captains
  4 rakshasas
  7 great orbs of eyes
  A quicksilver dragon skeleton (Depths:1)
  Harold (D:7)
  5 spriggan air magi
  7 ice dragons
  A vault guard (D:14)
  4 hydras
  An anaconda (Lair:4)
  10 centaur warriors
  A death knight (D:15)
  2 catoblepae
  A merfolk avatar (Lair:6)
  15 two-headed ogres
  6 tengu warriors
  3 deep troll shamans
  9 death yaks
  4 ogre magi
  A vampire mage (Depths:2)
  A death scarab (Gauntlet)
  5 spriggan berserkers
  3 deep troll earth magi
  5 orc high priests (Orc:2)
  A titan zombie (Depths:1)
  Sonja (Lair:5)
  A hell knight (Volcano)
  2 thrashing horrors (Gauntlet)
  9 deep trolls
  2 glowing orange brains
  A wizard (Depths:2)
  A flayed ghost (Depths:3)
  2 necromancers
  Pikel (D:6)
  A fire giant zombie (Depths:1)
  6 deep elf magi
  4 orc knights
  38 wolf spiders
  4 fauns (Shoals:1)
  6 orc sorcerers (Orc:2)
  6 manticores
  22 orb spiders
  3 moths of wrath
  3 stone giant zombies (Depths:1)
  22 ugly things
  4 cyclopes
  9 elephants
  10 black mambas
  3 merfolk sirens
  A torpor snail (Spider:2)
  3 gargoyles
  12 spiny frogs
  3 molten gargoyles
  Maggie (D:6)
  2 centaur skeletons
  2 titan simulacra (Depths:1)
  2 efreet
  7 komodo dragons
  5 rime drakes
  A freezing wraith (D:15)
  14 demonic crawlers
  8 yaktaurs
  3 tengu conjurers
  A polar bear (Lair:6)
  6 trolls
  2 harpy zombies (Shoals:1)
  4 guardian mummies (Depths:3)
  40 jumping spiders
  3 wind drakes
  A shadow dragon simulacrum (Depths:1)
  3 merfolk
  Prince Ribbit (D:7)
  A harpy skeleton (D:14)
  9 hippogriffs
  13 hornets
  11 blink frogs
  10 slime creatures
  A stone giant simulacrum (Depths:1)
  A snapping turtle (Shoals:1)
  A meliai zombie (D:14)
  5 spriggans
  A redback (shapeshifter) (Depths:3)
  4 small abominations (Gauntlet)
  75 redbacks
  Sigmund (D:4)
  45 tarantellas
  6 water elementals
  2 shadows
  An ettin skeleton (Depths:1)
  27 yaks
  3 wyverns
  A spectral komodo dragon (Gauntlet)
  4 wraiths
  6 fire bats (Volcano)
  A basilisk (Lair:6)
  A basilisk (shapeshifter) (Depths:2)
  2 hogs (D:14)
  6 vampire mosquitoes
  4 wargs
  Menkaure (D:7)
  A hungry ghost (D:9)
  Edmund (D:6)
  3 acid dragons
  25 water moccasins
  A floating eye (Depths:2)
  9 porcupines
  A swamp drake (D:9)
  2 ice beasts
  39 orc warriors
  2 phantoms
  2 sky beasts
  23 ogres
  A necrophage (D:8)
  7 boggarts (Depths:3)
  12 wolves
  25 centaurs
  12 crocodiles
  4 big kobolds
  A wyvern zombie (D:11)
  21 bullfrogs
  2 wyvern skeletons
  5 scorpions
  8 killer bees
  9 wights
  2 electric eels
  4 howler monkeys (D:7)
  6 crimson imps
  3 centaur zombies
  7 lava snakes (Volcano)
  2 quasits
  2 hounds
  3 iron imps
  5 jellies
  26 orc priests
  31 orc wizards
  3 bullfrog skeletons
  An iguana (D:12)
  2 hell rats (D:11)
  13 worker ants
  6 yak simulacra (Lair:6)
  A polar bear simulacrum (Lair:6)
  2 wolf simulacra (Lair:6)
  A hound zombie (D:10)
  A hound skeleton (D:5)
  A howler monkey zombie (D:10)
  2 mummies (Depths:3)
  2 worker ant zombies
  12 adders
  A river rat (D:11)
  A shadow imp (D:9)
  2 white imps
  5 oozes
  An adder skeleton (D:8)
  An adder zombie (D:5)
  2 worms
  3 dart slugs
  7 leopard geckos
  107 orcs
  2 ball pythons
  A bat zombie (Shoals:1)
  4 giant cockroaches
  4 goblins
  6 hobgoblins
  18 jackals
  20 kobolds
  7 quokkas
  9 bats
  7 frilled lizards
  A goblin skeleton (D:5)
  3 hobgoblin zombies (D:5)
  3 kobold skeletons (D:5)
  2 orc zombies (D:5)
  4 rats
  2 river rat simulacra (Lair:6)
1289 creatures vanquished.

Vanquished Creatures (collateral kills)
  A frost giant (Depths:2)
1 creature vanquished.

Vanquished Creatures (others)
  A deep elf mage (D:14)
  2 humans (D:14)
  A hungry ghost (D:11)
  2 slaves (D:6)
  A boggart (Depths:3)
  2 orc priests
  4 orcs
  21 fungi
  4 plants (Lair:6)
  2 withered plants (Lair:3)
40 creatures vanquished.

Grand Total: 1330 creatures vanquished

Notes
Turn   | Place    | Note
-------+----------+-------------------------------------------
     0 | D:1      | gruber the Minotaur Gladiator began the quest for the Orb.
     0 | D:1      | Reached XP level 1. HP: 18/18 MP: 0/0
   360 | D:1      | Reached XP level 2. HP: 24/25 MP: 1/1
   782 | D:2      | Reached skill level 5 in Staves
   785 | D:2      | Reached XP level 3. HP: 27/30 MP: 2/2
  1651 | D:3      | Found an ornate altar of the Wu Jian Council.
  1812 | D:3      | Reached XP level 4. HP: 37/37 MP: 3/3
  2900 | D:4      | Reached XP level 5. HP: 36/42 MP: 4/4
  2988 | D:4      | Found a burning altar of Makhleb.
  2990 | D:4      | Found a shimmering altar of Xom.
  2990 | D:4      | Found a basalt altar of Yredelemnul.
  2992 | D:4      | Found a white marble altar of Elyvilon.
  2992 | D:4      | Found a shimmering altar of Xom.
  2992 | D:4      | Found a sparkling altar of Nemelex Xobeh.
  3202 | D:4      | Noticed Sigmund
  3231 | D:5      | Entered Level 5 of the Dungeon
  3445 | D:5      | Noticed a sky beast
  3461 | D:4      | Reached XP level 6. HP: 46/50 MP: 5/5
  3468 | D:5      | Killed a sky beast
  3893 | D:4      | Killed Sigmund
  3893 | D:4      | Reached skill level 1 in Armour
  3893 | D:4      | Reached XP level 7. HP: 48/56 MP: 6/6
  4264 | D:5      | Reached skill level 10 in Staves
  4320 | D:5      | Found Vacics's Food Shop.
  4350 | D:5      | Found a glowing golden altar of the Shining One.
  4956 | D:6      | Reached skill level 5 in Armour
  4970 | D:6      | Reached XP level 8. HP: 58/62 MP: 7/7
  5025 | D:6      | Noticed Pikel
  5053 | D:6      | Killed Pikel
  5193 | D:6      | Noticed Maggie
  5209 | D:6      | Killed Maggie
  5454 | D:6      | Noticed Edmund
  5468 | D:6      | Killed Edmund
  5726 | D:6      | Reached XP level 9. HP: 60/68 MP: 8/8
  6320 | D:5      | Reached skill level 5 in Polearms
  6359 | D:5      | Found a bloodstained altar of Trog.
  6534 | D:5      | Found a glowing silver altar of Zin.
  6737 | D:7      | Found Wunni's General Store.
  6737 | D:7      | Noticed Prince Ribbit
  6749 | D:7      | Killed Prince Ribbit
  6772 | D:7      | Bought a scroll of identify for 26 gold pieces
  6772 | D:7      | Bought a scroll of identify for 26 gold pieces
  6794 | D:7      | Found a shattered altar of Ashenzari.
  6830 | D:7      | Noticed Harold
  6847 | D:7      | Killed Harold
  6859 | D:7      | Reached skill level 10 in Polearms
  6923 | D:7      | Reached XP level 10. HP: 72/74 MP: 9/9
  6965 | D:7      | Found a staircase to the Ecumenical Temple.
  6979 | D:7      | Found a hide-covered altar of Uskayaw.
  6980 | D:7      | Found a glowing golden altar of the Shining One.
  6988 | Temple   | Entered the Ecumenical Temple
  7035 | D:7      | Became a worshipper of Uskayaw the Reveler
  7039 | D:7      | Reached * piety under Uskayaw
  7044 | D:7      | Noticed Menkaure
  7045 | D:7      | Found a shadowy altar of Dithmenos.
  7048 | D:7      | Reached ** piety under Uskayaw
  7053 | D:7      | Killed Menkaure
  7053 | D:7      | Reached *** piety under Uskayaw
  7514 | D:7      | Found Pobasoc's Armour Shop.
  7517 | D:7      | Bought a +0 kite shield for 45 gold pieces
  7664 | D:8      | Reached skill level 1 in Shields
  7673 | D:8      | Reached **** piety under Uskayaw
  7678 | D:8      | Reached skill level 2 in Shields
  7995 | D:8      | Reached skill level 3 in Shields
  8072 | D:8      | Reached skill level 4 in Shields
  8098 | D:8      | Reached ***** piety under Uskayaw
  8099 | D:8      | Reached skill level 5 in Shields
  8182 | D:8      | Reached skill level 6 in Shields
  8798 | D:9      | Reached skill level 7 in Shields
  8800 | D:9      | Noticed a deep elf mage
  8804 | D:9      | Killed a deep elf mage
  8804 | D:9      | Reached skill level 8 in Shields
  8812 | D:9      | Noticed a deep elf mage
  8831 | D:9      | Killed a deep elf mage
  8835 | D:9      | Got a smoking hat
  8836 | D:9      | Identified the cursed -6 hat of Undesirable Species {rC+
                  | rN+ Int-4} (You found it on level 9 of the Dungeon)
  8892 | D:9      | Learned a level 2 spell: Blink
  8986 | D:9      | Found an ancient bone altar of Kikubaaqudgha.
  9006 | D:9      | Reached skill level 9 in Shields
  9357 | D:9      | Reached XP level 11. HP: 80/80 MP: 10/10
  9707 | D:10     | Entered Level 10 of the Dungeon
 10007 | D:10     | Reached skill level 10 in Shields
 10703 | D:11     | Noticed a death yak
 10704 | D:11     | Noticed a death yak
 10705 | D:11     | Found a staircase to the Lair.
 10705 | D:11     | Noticed a death yak
 10730 | D:11     | Killed a death yak
 10740 | D:11     | Killed a death yak
 10740 | D:11     | Reached skill level 11 in Shields
 10748 | D:11     | Reached ****** piety under Uskayaw
 10753 | D:11     | Killed a death yak
 11006 | D:11     | Reached skill level 12 in Shields
 11246 | D:11     | Reached skill level 10 in Armour
 11565 | D:12     | Noticed a two-headed ogre
 11575 | D:12     | Killed a two-headed ogre
 11587 | D:12     | Noticed a green ugly thing
 11598 | D:12     | Killed a green ugly thing
 11752 | D:12     | Found Qugalaa's Weapon Shop.
 11979 | D:12     | Noticed a green ugly thing
 11979 | D:12     | Noticed a white ugly thing
 12016 | D:12     | Killed a cyan ugly thing
 12024 | D:12     | Killed a cyan ugly thing
 12077 | D:12     | You fall into a shaft and drop 2 floors!
 12168 | D:14     | Found a huge runed gate.
 12168 | D:14     | Found a huge runed gate.
 12209 | D:14     | Reached XP level 12. HP: 88/88 MP: 11/11
 12518 | D:14     | Noticed Kirke
 12543 | D:14     | Killed Kirke
 12573 | D:14     | Identified Roxanne's Volume of Transmutation
 12573 | D:14     | Noticed Roxanne
 12596 | D:14     | Noticed a centaur warrior
 12607 | D:14     | Killed a centaur warrior
 12673 | D:14     | Found a huge runed gate.
 12675 | D:14     | Found a huge runed gate.
 12677 | D:14     | Found a huge runed gate.
 12677 | D:14     | Found a huge runed gate.
 12677 | D:14     | Found a huge runed gate.
 12677 | D:14     | Found a huge runed gate.
 12678 | D:14     | Found a huge runed gate.
 12697 | D:14     | Found a huge runed gate.
 12861 | D:14     | Reached skill level 15 in Armour
 12941 | D:14     | Found a huge runed gate.
 12941 | D:14     | Found a huge runed gate.
 12955 | D:14     | Noticed a tengu warrior
 12955 | D:14     | Noticed Nessos
 12976 | D:14     | Killed Nessos
 12994 | D:14     | Killed a tengu warrior
 12994 | D:14     | Reached skill level 5 in Fighting
 13345 | D:14     | Found a huge runed gate.
 13346 | D:14     | Found a huge runed gate.
 13346 | D:14     | Found a huge runed gate.
 13346 | D:14     | Found a huge runed gate.
 13347 | D:14     | Found a huge runed gate.
 13354 | D:14     | Found a huge runed gate.
 13354 | D:14     | Found a huge runed gate.
 13356 | D:14     | Found a huge runed gate.
 13356 | D:14     | Found a huge runed gate.
 13458 | D:14     | Identified the Papyrus of Combed Thunderclap
 13465 | D:14     | Identified the Papyrus of Dhcmrlchtdj
 13714 | D:14     | Identified the Catalogue of Sand
 13801 | D:14     | Noticed a fire dragon
 13811 | D:14     | Killed a fire dragon
 13814 | D:14     | Noticed a tengu warrior
 13819 | D:14     | Noticed a vault guard
 13862 | D:14     | Killed a vault guard
 13870 | D:14     | Killed a tengu warrior
 13963 | D:14     | Found a gate to the Vaults.
 14307 | D:13     | Reached XP level 13. HP: 107/113 MP: 12/12
 14353 | D:13     | Reached skill level 10 in Fighting
 15050 | D:12     | Found a staircase to the Orcish Mines.
 15215 | Lair:1   | Entered Level 1 of the Lair of Beasts
 15597 | Lair:1   | Found a transporter.
 15601 | Lair:1   | Noticed Ceckukk's ghost (journeyman GrEE)
 15753 | Lair:1   | Found a transporter.
 16664 | Lair:2   | Noticed Gastronok
 16678 | Lair:2   | Killed Gastronok
 16754 | Lair:2   | Found a hole to the Spider Nest.
 17730 | Lair:3   | Found a runed translucent door.
 17733 | Lair:3   | Noticed Yjeari's ghost (journeyman GrMo)
 18108 | Lair:4   | Reached skill level 15 in Fighting
 18278 | Lair:4   | Reached XP level 14. HP: 109/135 MP: 13/13
 18687 | Lair:4   | Found a shadowy altar of Dithmenos.
 18840 | Lair:4   | Found a staircase to the Shoals.
 19552 | Lair:5   | Found a gate leading to a gauntlet.
 19608 | Lair:5   | Noticed Sonja
 19625 | Lair:5   | Killed Sonja
 19668 | Gauntlet | Entered a Gauntlet
 19668 | Gauntlet | Found a runed translucent door.
 19668 | Gauntlet | Found a transporter.
 19668 | Gauntlet | Found a runed translucent door.
 19668 | Gauntlet | Found a transporter.
 19674 | Gauntlet | Found a transporter.
 19686 | Gauntlet | Found a transporter.
 19704 | Gauntlet | Found a transporter.
 19704 | Gauntlet | Found a transporter.
 19706 | Gauntlet | Found a transporter.
 19706 | Gauntlet | Found a transporter.
 19707 | Gauntlet | Found a transporter.
 19718 | Gauntlet | Found a transporter.
 19734 | Gauntlet | Found a transporter.
 19741 | Gauntlet | Found a transporter.
 19758 | Gauntlet | Found a transporter.
 19783 | Gauntlet | Found a transporter.
 19848 | Gauntlet | Got a heavily runed chain mail
 19849 | Gauntlet | Identified the +6 chain mail of the Game of Life {MR-
                  | Slay+6} (You found it in a Gauntlet)
 20041 | Gauntlet | Got a pair of ichor-stained boots
 20042 | Gauntlet | Identified the cursed +0 pair of boots of Hepliaklqana's
                  | Grace {rN+} (You found it in a Gauntlet)
 20084 | Gauntlet | Identified Sif Muna's Collected Works on Nocuous Shape
                  | Shifting
 20537 | Lair:5   | Found a large runed translucent door.
 20538 | Lair:5   | Found a large runed translucent door.
 20540 | Lair:5   | Noticed Mumum's ghost (journeyman DrFE)
 20965 | Lair:6   | Entered Level 6 of the Lair of Beasts
 21030 | Lair:6   | Found a dark tunnel.
 21048 | Volcano  | Entered a volcano
 21292 | Volcano  | Found a radiant altar of Vehumet.
 21572 | Lair:6   | Found a staircase to the Slime Pits.
 21621 | Lair:6   | Found a runed translucent gate.
 21622 | Lair:6   | Found a runed translucent gate.
 21622 | Lair:6   | Found a runed translucent gate.
 21624 | Lair:6   | Noticed simples's ghost (journeyman DrCj)
 21626 | Lair:6   | Found a viscous altar of Jiyva.
 21670 | Lair:6   | Reached XP level 15. HP: 149/152 MP: 14/14
 21846 | Lair:6   | Identified the Almanac of Assistive Enchantment
 22515 | D:15     | Entered Level 15 of the Dungeon
 22804 | D:15     | Found a staircase to the Depths.
 23341 | Orc:1    | Entered Level 1 of the Orcish Mines
 23652 | Orc:2    | Entered Level 2 of the Orcish Mines
 23734 | Orc:2    | Reached skill level 1 in Invocations
 23842 | Orc:2    | Noticed an orc warlord
 23874 | Orc:2    | Killed an orc warlord
 24082 | Orc:2    | Found a roughly hewn altar of Beogh.
 24325 | Orc:2    | Found a roughly hewn altar of Beogh.
 24393 | Orc:2    | Found a staircase to the Elven Halls.
 24468 | Orc:2    | Reached skill level 5 in Invocations
 24491 | Orc:2    | Noticed an orc warlord
 24508 | Orc:1    | Noticed Jorgrun
 24654 | Orc:2    | Killed an orc warlord
 24931 | Orc:2    | Found Jidwisou's General Store.
 24932 | Orc:2    | Found Xojotopt's Jewellery Emporium.
 24933 | Orc:2    | Found Miownik's Antique Armour Emporium.
 24933 | Orc:2    | Found Vuxiwk's Antique Weapon Shoppe.
 24957 | Orc:2    | Bought a heavily runed ring mail for 288 gold pieces
 24957 | Orc:2    | Bought a pair of spiked gloves for 304 gold pieces
 24957 | Orc:2    | Identified the cursed +1 ring mail of Shadows and Fog
                  | {MP+9} (You bought it in a shop on level 2 of the Orcish
                  | Mines)
 24960 | Orc:2    | Identified the +0 pair of gloves of Owurph {Int-2 Dex+7
                  | SInv} (You bought it in a shop on level 2 of the Orcish
                  | Mines)
 25312 | Orc:2    | Paralysed by an orc sorcerer for 2 turns
 25378 | Orc:1    | Killed Jorgrun
 25750 | Spider:1 | Entered Level 1 of the Spider Nest
 25873 | Spider:1 | Reached skill level 13 in Shields
 25930 | Spider:1 | Reached XP level 16. HP: 138/165 MP: 20/20
 26141 | Spider:1 | Noticed Asterion
 26155 | Spider:1 | Killed Asterion
 26155 | Spider:1 | Reached skill level 14 in Shields
 26267 | Spider:1 | Noticed Rupert
 26280 | Spider:1 | Killed Rupert
 26621 | Spider:2 | Reached skill level 15 in Shields
 26967 | Spider:2 | Reached skill level 16 in Shields
 28122 | Spider:3 | Reached skill level 17 in Shields
 28239 | Spider:3 | Noticed Agnes
 28249 | Spider:3 | Killed Agnes
 28385 | Spider:3 | Reached skill level 18 in Shields
 28918 | Spider:4 | Entered Level 4 of the Spider Nest
 28935 | Spider:4 | Reached XP level 17. HP: 166/171 MP: 17/21
 29196 | Spider:4 | Reached skill level 19 in Shields
 29771 | Spider:4 | Reached skill level 20 in Shields
 29953 | Spider:4 | HP: 7/171 [emperor scorpion (5)]
 30530 | Spider:4 | Got a gossamer rune of Zot
 30811 | Shoals:1 | Entered Level 1 of the Shoals
 30811 | Shoals:1 | Noticed Aizul
 30845 | Lair:4   | Killed Aizul
 31450 | Depths:1 | Entered Level 1 of the Depths
 31459 | Depths:1 | Reached skill level 21 in Shields
 31633 | Depths:1 | Found a one-way gate leading to the halls of Pandemonium.
 31653 | Depths:1 | Found a runed translucent door.
 31853 | Depths:1 | Noticed a lich
 31915 | Depths:1 | Reached XP level 18. HP: 151/180 MP: 22/22
 31938 | Depths:1 | Reached skill level 22 in Shields
 32209 | Depths:1 | Found a gateway to Hell.
 32464 | Depths:1 | Noticed Dameikh's ghost (veteran FoFi)
 32551 | Depths:1 | Killed Dameikh's ghost
 32657 | Depths:1 | Identified the Papyrus of Helpful Arcane Weapons
 32729 | Depths:2 | Found a glowing silver altar of Zin.
 32952 | Depths:2 | Reached skill level 23 in Shields
 33020 | Depths:2 | Paralysed by a floating eye for 3 turns
 33022 | Depths:2 | HP: 6/180 [enormous slime creature (44)]
 33264 | Depths:2 | Reached skill level 24 in Shields
 33520 | Depths:2 | Noticed a caustic shrike
 33577 | Depths:2 | Noticed a caustic shrike
 33618 | Depths:2 | Reached skill level 25 in Shields
 33640 | Depths:2 | Noticed a caustic shrike
 33653 | Depths:2 | Killed a caustic shrike
 33683 | Depths:2 | Killed a caustic shrike
 33695 | Depths:2 | Killed a caustic shrike
 33695 | Depths:2 | Reached XP level 19. HP: 187/187 MP: 23/23
 33695 | Depths:2 | Noticed a caustic shrike
 33695 | Depths:2 | Noticed a caustic shrike
 33711 | Depths:2 | Killed a caustic shrike
 33722 | Depths:2 | Killed a caustic shrike
 33722 | Depths:2 | Reached skill level 15 in Polearms
 34639 | Depths:3 | Noticed Jory
 34653 | Depths:3 | Killed Jory
 34841 | Depths:3 | Found a runed translucent door.
 34841 | Depths:3 | Noticed Bunid's ghost (veteran FoFi)
 35082 | Depths:3 | Found a gateway to a ziggurat.
 35475 | Depths:3 | Noticed a golden dragon
 35490 | Depths:3 | Killed a golden dragon
 35512 | Depths:3 | Noticed a caustic shrike
 35518 | Depths:3 | HP: 5/187 [spriggan air mage/bolt of lightning (33)]
 35519 | Depths:3 | Demolished by a caustic shrike

Illustrated notes

Levels and vault maps discovered:
D:1:      minmay_arrival_floating_metal, layout_rooms
D:2:      layout_basic
D:3:      layout_loops_corners, overflow_temple_1_default
D:4:      layout_loops_cross, first_ration, hangedman_decor_push,
          amethyst_killhole, doesnt_xom_only_xom, uniq_sigmund
D:5:      layout_cave_pools, lightli_temple_of_fire, old_standard_altar,
          serial_shops, shop, nicolae_tso_besieged_by_evil
D:6:      layout_gridville, uniq_edmund, uniq_maggie, uniq_pikel
D:7:      layout_cave_pools, lemuel_doored_altar, lemuel_round_altar,
          chequers_temple_overflow_statue_of_worship, minmay_temple_entry_trees,
          serial_shops, nicolae_shop_behind_doors, nicolae_shop_window_shopping,
          the_bakery, uniq_harold, uniq_menkaure, uniq_prince_ribbit1
D:8:      layout_cave_pods
D:9:      layout_loops_corners, kiku_gazebo_garden_becter, hangedman_minor_magic
D:10:     layout_basic, minmay_misc_feat_diagonals
D:11:     layout_basic, dpeg_lair_monsters, lemuel_flame_loot_1
D:12:     layout_rooms, hiddenorc1_lemuel, serial_shops, shop, nrook_campfire,
          nicolae_two_hexagons
D:13:     layout_loops_ring
D:14:     layout_roguey, david_vaults_5, gammafunk_ghost_door_vault,
          kennysheep_nondescript, bh_hangedman_babel_library, uniq_roxanne,
          uniq_kirke, uniq_nessos
D:15:     grunt_enter_depths_snipers, layout_irregular_city,
          minmay_misc_feat_four_crosses
Temple:   eino_temple_lava
Lair:1:   layout_regular_city, gammafunk_ghost_berserking_beasts
Lair:2:   layout_hall_layers, nicolae_spider_entry_tight_spaces,
          chequers_serial_rivers_micro_a, uniq_gastronok
Lair:3:   layout_gridlike, gammafunk_ghost_grave
Lair:4:   beast_lair_carwin_large_4, layout_regular_city,
          elwin_shoals_entry_stream, lemuel_oklob_altar
Lair:5:   layout_cave_pods, gauntlet_entry_generic, ebering_ghost_disaster_area,
          uniq_sonja
Lair:6:   gammafunk_lair_ancient_temple, layout_layer_cave,
          nicolae_slime_entry_slimehenge, gammafunk_ghost_ooze,
          nicolae_volcano_entry_lava_flow, eino_house_with_fridge
Shoals:1: layout_shoals, nicolae_shoals_undead_eyrie, uniq_aizul
Spider:1: layout_spider_delve, uniq_asterion, uniq_rupert
Spider:2: layout_chambers
Spider:3: layout_spider_delve, uniq_agnes
Spider:4: spider_rune_water, nicolae_spider_shape
Orc:1:    layout_caves, uniq_jorgrun
Orc:2:    st_orc_congregation, layout_caves, basic_altar, bh_open_orc_temple
Depths:1: layout_cave_shapes, pan_entry, grunt_hell_entry_dis_grunt,
          muffindrake_ghost_dead_mans_drink, chequers_jeans, drop_trap,
          minmay_mirror_moons_of_madness
Depths:2: grunt_deathspiral_small, layout_cave_pools, lemuel_round_altar,
          pf_coc_iceberg
Depths:3: minmay_nine_rooms, layout_basic, enter_ziggurat_e,
          pf_hell_entry_tar_spiral, gammafunk_ghost_grave,
          grunt_pan_entry_spiral, grunt_decor_arrowhead,
          minmay_guarded_unrand_curses, uniq_jory

Skill      XL: |  1  2  3  4  5  6  7  8  9 10 11 12 13 14 15 16 17 18 19 |
---------------+----------------------------------------------------------+-----
Staves         | 4 5 6 7 8 9 10 | 10.0
Armour         | 1 5 9 13 15 | 15.1
Polearms       | 3 10 11 14 18 | 18.7
Shields        | 9 12 13 18 21 25 | 25.0
Fighting       | 9 15 19 20 | 20.4
Invocations    | 7 |  7.2
Throwing       | |  2.0
Dodging        | |  3.2

Action                   |  1- 3 |  4- 6 |  7- 9 | 10-12 | 13-15 | 16-18 | 19-21 || total
-------------------------+-------+-------+-------+-------+-------+-------+-------++-------
Melee: Quarterstaff      |    77 |    83 |   126 |       |       |       |       ||   286
       Headbutt          |    15 |    12 |    34 |   121 |   276 |   400 |   103 ||   961
       Lance             |       |       |   115 |   751 |  1341 |  1280 |   340 ||  3827
       Whip              |       |       |    12 |       |       |       |       ||    12
 Fire: Fustibalus        |       |       |     3 |       |       |       |       ||     3
Throw: Throwing net      |       |       |     1 |       |       |       |       ||     1
       Dart              |       |       |       |       |     2 |     1 |       ||     3
       Javelin           |       |       |       |       |       |     3 |       ||     3
Invok: Stomp             |       |       |       |     5 |    20 |    17 |     3 ||    45
       Line Pass         |       |       |       |     2 |     3 |     1 |       ||     6
       Grand Finale      |       |       |       |       |       |       |     1 ||     1
Evoke: Wand              |       |       |       |       |     1 |     1 |     1 ||     3
  Use: Scroll            |       |       |    10 |     1 |    17 |     8 |       ||    36
       Potion            |       |       |       |     1 |       |     4 |       ||     5
 Stab: Sleeping          |     2 |     2 |       |       |       |       |       ||     4
       Distracted        |       |     1 |       |     1 |       |       |       ||     2
       Held in net/web   |       |       |     3 |       |       |     1 |       ||     4
       Paralysed         |       |       |       |    48 |   116 |   110 |    37 ||   311
       Confused          |       |       |       |       |     1 |       |     2 ||     3
  Eat: Chunk             |     3 |     6 |    10 |    25 |    33 |    29 |     7 ||   113
       Ration            |       |       |       |       |     2 |       |       ||     2
Armor: Leather armour    |    17 |    21 |       |       |       |       |       ||    38
       Chain mail        |       |     5 |    91 |   123 |   242 |   299 |    37 ||   797
Dodge: Dodged            |    55 |    58 |    76 |    70 |   159 |   156 |    21 ||   595
Block: Kite shield       |       |       |       |   169 |   180 |       |       ||   349
       Tower shield      |       |       |       |       |   316 |   796 |   146 ||  1258
